 Dungeon Crawl Stone Soup version 0.31-a0-1336-g7fd7ca34b5 (webtiles) character file.

Game seed: 17532202612856538528

67 senseless the Trooper (level 4, -6/48 HPs)
             Began as an Oni Gladiator on Dec 21, 2023.
             Killed by divine providence
             ... invoked by an orc priest
              (12 damage)
             ... on level 3 of the Dungeon.
             The game lasted 00:03:37 (2117 turns).

senseless the Trooper (Oni Gladiator)               Turns: 2117, Time: 00:03:37

Health: -6/48      AC:  4    Str: 20    XL:     4   Next: 16%
Magic:  4/4        EV: 10    Int: 15    God:
Gold:   88         SH:  0    Dex: 10    Spells: 3/3 levels left

rFire   . . .        a - +0 flail
rCold   . . .        (no shield)
rNeg    . . .        b - +0 robe
rPois   .            c - +1 hat
rElec   .            (no cloak)
rCorr   .            (gloves unavailable)
SInv    .            (boots unavailable)
Will    .....        (no amulet)
Stlth   +            l - +6 ring of intelligence
HPRegen 0.28/turn    (no ring)
MPRegen 0.09/turn

%: no passive effects
@: no status effects
A: drunken brawling, large, unfitting armour, horns 1, tough skin 1, double
potion healing
a: no special abilities


You were on level 3 of the Dungeon.
You visited 1 branch of the dungeon, and saw 3 of its levels.

You collected 88 gold pieces.

Inventory:

Hand Weapons
 a - a +0 flail (weapon)
Missiles
 d - 2 throwing nets (quivered)
 e - a large rock
Armour
 b - a +0 robe (worn)
 c - a +1 hat (worn)
Jewellery
 l - a +6 ring of intelligence (left hand)
Scrolls
 j - a scroll of identify {unknown}
Potions
 f - 2 potions of degeneration {unknown}
 g - 2 potions of lignification {unknown}
 h - 2 potions of heal wounds {unknown}
 i - a potion of ambrosia {unknown}
 k - a potion of might {unknown}
 o - 2 potions of attraction {unknown}
 p - a potion of invisibility {unknown}
 q - a potion of mutation {unknown}


   Skills:
 * Level 3.8 Fighting
 * Level 3.6 Maces & Flails
 + Level 2.4 Throwing
 * Level 3.2 Dodging


You had 3 spell levels left.
You didn't know any spells.
Your spell library was empty.

Dungeon Overview and Level Annotations

Branches:
Dungeon (3/15)

Altars:
Cheibriados

Portals:
Sewer: D:3


Innate Abilities, Weirdness & Mutations

Whenever you drink a potion that restores your health or magic, you attack all enemies around you.
You are too large for most types of armour.
You have a pair of small horns on your head.
You have tough skin. (AC +1)
Whenever you drink a potion that restores your health or magic, it restores twice as much.


Message History

You kill the hobgoblin!
The orc barely misses you.
Things that are here:
a worm corpse; a ball python corpse 2 orcs come into view.
The orc shouts!
The orc priest shouts!
The orc hits you with a +0 falchion. The orc hits you with a +0 trident.
The orc hits you but does no damage. The bat barely misses you.
Things that are here:
a worm corpse; a ball python corpse You closely miss the orc.
The bat hits you. The orc hits you with a +0 trident.
The orc priest calls down the wrath of Beogh upon you.
Beogh smites you!
* * * LOW HITPOINT WARNING * * *
The bat hits you but does no damage.
Throw: 3 throwing nets
Press: ? - help, Q - select action, (/) - cycle Shift-Dir - straight line, f - orc
Aim: an orc, wielding a +0 trident and wearing a +0 leather armour (54% to hit)
You throw a throwing net. The throwing net hits the orc.
The orc is caught in the net!
The bat closely misses you. The bat hits you but does no damage.
The orc struggles against the net.
You hit the orc.
The orc is moderately wounded.
The bat hits you but does no damage. The bat barely misses you.
The orc struggles against the net.
You hit the orc.
The orc is heavily wounded.
The bat closely misses you.
The orc struggles against the net.
You hit the orc. You headbutt the orc.
You kill the orc!
The bat hits you but does no damage. The bat closely misses you.
The bat hits you but does no damage.
You hit the bat.
You kill the bat!
You sock the orc!
You kill the orc!
The orc priest calls down the wrath of Beogh upon you.
Beogh smites you!
You die...

#.#.# ...### #.#.###
...#.# # ###.#.#..
...'.#.#
#.....#.###........
#.....#......#~.~#.
#####.....#......~~~~~.
#..<......#..o.#~~~~~~~
#.....#.#.#.o...~~~~~~~
#.....#.#@#.....~~~∩~~~
#######.#)o.o...~~~~~~~
#.####...#~~~~~~~ #..
+..(..~~~~~. ###
#.....#..~#.
#.........o.
##.......o.. #...####..
...#


You could see an orc priest and an orc.

Vanquished Creatures
  2 adders (D:2)
  3 worms
  A dart slug (D:1)
  3 orcs (D:3)
  5 bats
  2 endoplasms
  2 giant cockroaches
  A goblin (D:2)
  5 hobgoblins
  5 kobolds
  A quokka (D:1)
  A ball python (D:3)
  2 frilled lizards
  3 rats
36 creatures vanquished.

Notes
Turn   | Place    | Note
-------+----------+-------------------------------------------
     0 | D:1      | senseless the Oni Gladiator began the quest for the Orb.
     0 | D:1      | Reached XP level 1. HP: 22/22 MP: 1/1
   195 | D:1      | Gained mutation: Whenever you drink a potion that restores
                  | your health or magic, it restores twice as much. [Oni
                  | growth]
   195 | D:1      | Gained mutation: You have a pair of small horns on your
                  | head. [Oni growth]
   195 | D:1      | Gained mutation: You have tough skin. (AC +1) [Oni growth]
   195 | D:1      | Reached XP level 2. HP: 16/31 MP: 2/2
  1140 | D:2      | Reached XP level 3. HP: 35/37 MP: 3/3
  2017 | D:3      | Reached XP level 4. HP: 48/48 MP: 4/4
  2018 | D:3      | Found a snail-covered altar of Cheibriados.
  2085 | D:3      | Found a glowing drain.
  2117 | D:3      | Killed from afar by an orc priest

Illustrated notes

Levels and vault maps discovered:
D:1:      tarquinn_simple_flora_water_c, layout_loops_corners
D:2:      layout_basic
D:3:      layout_basic, nicolae_overflow_crystal_walls,
          mainiacjoe_overflow_big_doors, cheibrodos_sewer_entry_drain,
          minmay_surrounded

Skill      XL: |  1  2 |
---------------+-------+-----
Fighting       | 3 |  3.8
Dodging        | 3 |  3.2
Maces & Flails | |  3.6
Throwing       | |  2.4

Action                     |  1- 3 |  4- 6 || total
---------------------------+-------+-------++-------
  Melee: Flail             |   109 |    18 ||   127
         Headbutt          |     9 |     1 ||    10
         Punch             |     1 |       ||     1
  Throw: Throwing net      |       |     1 ||     1
    Use: Scroll            |     6 |       ||     6
   Stab: Sleeping          |     1 |       ||     1
 Armour: Robe              |    90 |    23 ||   113
  Dodge: Dodged            |    68 |    17 ||    85

Table legend: (Time is in decaauts)
 A = Elapsed time spent in this place.
 B = Non-inter-level travel time spent in this place.
 C = Inter-level travel time spent in this place.
 D = Time resting spent in this place.
 E = Time spent auto-exploring this place.
 F = Levels seen in this place.
 G = Mean time per level.
                   A        B        C        D        E       F      G
               +--------+--------+--------+--------+--------+-----+--------+
         Total |   2145 |   2087 |     58 |      0 |   1770 |   3 |  715.0 |
       Dungeon |   2145 |   2087 |     58 |      0 |   1770 |   3 |  715.0 |
               +--------+--------+--------+--------+--------+-----+--------+

Top non-repeatable levels by time:
     D:1: 967 daAuts
     D:2: 937 daAuts
     D:3: 240 daAuts
